[Event "Caplin Hastings Masters 2023-24"]
[Site "Hastings"]
[Date "2023.12.30"]
[Round "3.16"]
[White "Vestby-Ellingsen, Mads"]
[Black "Rayner, Francis"]
[Result "1-0"]
[ECO "A31"]
[WhiteElo "2329"]
[BlackElo "2035"]
[Annotator "RC"]
[PlyCount "111"]
[EventDate "2023.12.18"]
[EventType "swiss"]
[EventCountry "ENG"]
[SourceTitle "playchess.com"]
[Source "ChessBase"]
[SourceQuality "1"]
[TimeControl "40/6000+30:3000+30"]

1. c4 c5 2. Nf3 Nf6 3. Nc3 b6 4. e4 d6 5. d4 cxd4 6. Nxd4 Bb7 7. f3 e6 8. Be2 Be7 9. Be3 O-O 10. O-O a6 11. Rc1 Nbd7 12. Qd2 Rc8 13. Rfd1 Re8 14. a3 Bf8 15. b4 Qc7 16. Bf1 Qb8 17. Qf2 Ba8 18. Nb3 Be7 19. Kh1 Bd8 20. Bf4 Bc7 21. Qd2 Ne5 22. Bxe5 dxe5 23. c5 Rcd8 24. Qe1 b5 25. Rxd8 Rxd8 26. Rd1 Bc6 27. Rxd8+ Qxd8 28. Qd2 Qb8 29. Nc1 h6 30. N1a2 Qb7 31. a4 Nh5 32. axb5 axb5 33. Nb1 Nf4 34. Nac3 f5 35. Na3 fxe4 36. fxe4 Bxe4 37. Nxe4 Qxe4 38. Nxb5 Qb1 39. Kg1 Bb8 40. Na3 Qb3 41. Nc2 Bc7 42. g3 Nd5 43. Qd3 Qb2 44. Qc4 Qc1 45. b5 Ba5 46. b6 Qb1 47. Qa4 Bd2 48. Qb5 Qxc2 49. b7 Be3+ 50. Kh1 Qe4+ 51. Bg2 Qd4 52. b8=Q+ Kf7 53. Q5e8+ Kf6 54. Qf8+ Kg6 55. Qbe8+ Kh7 56. Qg8# 1-0

[Event "Caplin Hastings Masters 2023-24"]
[Site "Hastings"]
[Date "2023.12.30"]
[Round "3.17"]
[White "Hng, Mei-Xian Eunice"]
[Black "Rudd, Jack"]
[Result "1/2-1/2"]
[ECO "A09"]
[WhiteElo "2014"]
[BlackElo "2314"]
[Annotator "ChessBase"]
[PlyCount "150"]
[EventDate "2023.12.18"]
[EventType "swiss"]
[EventCountry "ENG"]
[SourceTitle "playchess.com"]
[Source "ChessBase"]
[SourceQuality "1"]
[TimeControl "40/6000+30:3000+30"]

1. Nf3 d5 2. c4 d4 3. e3 Nc6 4. exd4 Nxd4 5. Nxd4 Qxd4 6. Nc3 Nf6 7. Nb5 Qd8 8. d3 c6 9. Nc3 Bg4 10. Be2 Bxe2 11. Qxe2 e6 12. Be3 c5 13. Rd1 Be7 14. O-O O-O 15. Rd2 a6 16. a3 Qc7 17. h3 Qc6 18. a4 Nd7 19. Re1 Bf6 20. d4 cxd4 21. Bxd4 Bxd4 22. Rxd4 Nc5 23. Qd1 Qb6 24. Qc2 g6 25. Red1 Rac8 26. Rh4 Rfd8 27. Rxd8+ Rxd8 28. Ne4 Nxe4 29. Rxe4 Qc5 30. b3 b6 31. Qc3 Rd1+ 32. Re1 Rd4 33. Qg3 Rd2 34. Qe3 Qd6 35. a5 bxa5 36. c5 Qd5 37. Qc3 Rd3 38. Qxa5 Rxb3 39. Rc1 Rb5 40. Qxa6 Rxc5 41. Rxc5 Qxc5 42. Qa8+ Kg7 43. Qe4 Qd5 44. Qe3 h5 45. Qc3+ e5 46. Qc2 Qd4 47. Qc6 g5 48. Qf3 h4 49. Qf5 Qf4 50. Qd7 Qc4 51. Qd2 Kg6 52. Qd6+ Qe6 53. Qd8 e4 54. Qg8+ Kf5 55. Qf8 Qc4 56. Qe8 Qc1+ 57. Kh2 Qc7+ 58. Kg1 f6 59. Qb5+ Qe5 60. Qd7+ Qe6 61. Qh7+ Ke5 62. Qc7+ Qd6 63. Qc3+ Ke6 64. Qc4+ Qd5 65. Qc8+ Kf7 66. Qc7+ Kg6 67. Qc8 Qf7 68. Qc6 Qe7 69. Qc4 Qb7 70. Qg8+ Kf5 71. Qe8 Qb1+ 72. Kh2 Qd3 73. Qc8+ Ke5 74. Qe8+ Kd5 75. Qd8+ Ke5 1/2-1/2

[Event "Caplin Hastings Masters 2023-24"]
[Site "Hastings"]
[Date "2023.12.30"]
[Round "3.18"]
[White "Lux, Hugo de Melo"]
[Black "White, Stuart A"]
[Result "1-0"]
[ECO "B23"]
[WhiteElo "2311"]
[BlackElo "2014"]
[Annotator "ChessBase"]
[PlyCount "73"]
[EventDate "2023.12.18"]
[EventType "swiss"]
[EventCountry "ENG"]
[SourceTitle "playchess.com"]
[Source "ChessBase"]
[SourceQuality "1"]
[TimeControl "40/6000+30:3000+30"]

1. e4 c5 2. Nc3 Nc6 3. Bb5 Nd4 4. Bc4 e6 5. Nge2 Nf6 6. O-O a6 7. a4 d5 8. exd5 exd5 9. Ba2 Bd6 10. d3 O-O 11. Nxd4 cxd4 12. Ne2 Bg4 13. h3 Bh5 14. f3 Re8 15. g4 Bg6 16. Kg2 Qd7 17. Nxd4 Qxa4 18. c3 Qd7 19. f4 h6 20. f5 Bh7 21. Qf3 Bc5 22. Be3 Rad8 23. Bf2 Qd6 24. Rae1 Bb6 25. Bg3 Qd7 26. Be5 Rxe5 27. Rxe5 Bc7 28. Rfe1 Bxe5 29. Rxe5 Qc7 30. Re2 Kf8 31. h4 Qd6 32. g5 hxg5 33. hxg5 Ne8 34. Ne6+ fxe6 35. fxe6+ Kg8 36. e7 Be4 37. Rxe4 1-0

[Event "Caplin Hastings Masters 2023-24"]
[Site "Hastings"]
[Date "2023.12.30"]
[Round "3.19"]
[White "Sarkar, Justin"]
[Black "Honey, Luke Anthony"]
[Result "1-0"]
[ECO "D11"]
[WhiteElo "2272"]
[BlackElo "1907"]
[Annotator "ChessBase"]
[PlyCount "91"]
[EventDate "2023.12.18"]
[EventType "swiss"]
[EventCountry "ENG"]
[SourceTitle "playchess.com"]
[Source "ChessBase"]
[SourceQuality "1"]
[TimeControl "40/6000+30:3000+30"]

1. d4 d5 2. c4 c6 3. Nf3 dxc4 4. e3 Be6 5. a4 Nf6 6. Na3 c5 7. Bxc4 Bxc4 8. Nxc4 Nc6 9. dxc5 Qxd1+ 10. Kxd1 Ne4 11. Ke2 Rd8 12. Bd2 e6 13. b4 Nxd2 14. Nfxd2 Nxb4 15. Ne4 Rb8 16. Rab1 Na6 17. c6 bxc6 18. Rxb8+ Nxb8 19. Rb1 Nd7 20. Rb7 a6 21. Ra7 Be7 22. Ned6+ Bxd6 23. Nxd6+ Ke7 24. Nxf7 Kxf7 25. Rxd7+ Kf6 26. Rc7 Rb8 27. Rxc6 Rb4 28. Rxa6 Rb3 29. a5 Ra3 30. f4 Kf7 31. Kf3 h5 32. Ra8 Ke7 33. a6 Kf7 34. h3 Kg6 35. a7 Ra4 36. g4 hxg4+ 37. hxg4 Ra5 38. Ke4 Kf7 39. f5 Ra4+ 40. Ke5 Ra5+ 41. Kf4 exf5 42. gxf5 Ra1 43. e4 Rf1+ 44. Kg3 Rg1+ 45. Kf2 Ra1 46. e5 1-0

[Event "Caplin Hastings Masters 2023-24"]
[Site "Hastings"]
[Date "2023.12.30"]
[Round "3.20"]
[White "Beaumont, Chris R"]
[Black "Teh, Wee Zhun"]
[Result "1/2-1/2"]
[ECO "D14"]
[WhiteElo "2236"]
[BlackElo "1858"]
[Annotator "RC"]
[PlyCount "119"]
[EventDate "2023.12.18"]
[EventType "swiss"]
[EventCountry "ENG"]
[SourceTitle "playchess.com"]
[Source "ChessBase"]
[SourceQuality "1"]
[TimeControl "40/6000+30:3000+30"]

1. Nf3 d5 2. d4 Nf6 3. c4 c6 4. cxd5 cxd5 5. Nc3 Nc6 6. Bf4 Bf5 7. Qb3 Na5 8. Qa4+ Bd7 9. Qc2 a6 10. e3 b5 11. Bd3 e6 12. O-O Be7 13. Rac1 O-O 14. Ne5 h6 15. Qe2 Nc4 16. e4 Nb6 17. Nxd7 Qxd7 18. e5 Nh7 19. Qg4 Kh8 20. Rce1 Rg8 21. h4 Qd8 22. Qh5 Qe8 23. Qg4 Qd8 24. g3 Nc4 25. b3 Nb6 26. Bd2 Nd7 27. Re3 Ndf8 28. f4 f5 29. exf6 Bxf6 30. Ne2 Qb6 31. f5 e5 32. dxe5 Bxe5 33. Kg2 Nf6 34. Qf3 Bd4 35. Nxd4 Qxd4 36. Re7 Re8 37. Rfe1 Rxe7 38. Rxe7 N8h7 39. Bf4 Re8 40. Be5 Qc5 41. Re6 Qc8 42. Rxe8+ Qxe8 43. Bd4 h5 44. Qf4 Ng4 45. Qd6 Nhf6 46. Qe6 Qf8 47. Qxa6 Qb4 48. Qc8+ Kh7 49. Qc3 Qa3 50. Qd2 Ne4 51. Qe2 Qb4 52. Bxe4 dxe4 53. Be3 Qf8 54. Bf4 Qxf5 55. a4 bxa4 56. bxa4 Qd5 57. Qc2 Kg8 58. Qd2 Qc6 59. Be3 Qxa4 60. Qd5+ 1/2-1/2

[Event "Caplin Hastings Masters 2023-24"]
[Site "Hastings"]
[Date "2023.12.30"]
[Round "3.21"]
[White "Sugden, John N"]
[Black "Boswell, Jacob Connor"]
[Result "0-1"]
[ECO "B25"]
[WhiteElo "1968"]
[BlackElo "2235"]
[Annotator "RC"]
[PlyCount "94"]
[EventDate "2023.12.18"]
[EventType "swiss"]
[EventCountry "ENG"]
[SourceTitle "playchess.com"]
[Source "ChessBase"]
[SourceQuality "1"]
[TimeControl "40/6000+30:3000+30"]

1. e4 c5 2. Nc3 g6 3. g3 Bg7 4. Bg2 Nc6 5. d3 d6 6. f4 Rb8 7. Nf3 b5 8. a3 e6 9. O-O Nge7 10. Rb1 O-O 11. Bd2 Qb6 12. Kh1 a5 13. a4 b4 14. Nb5 Rd8 15. c4 d5 16. Qe2 dxc4 17. dxc4 e5 18. Qf2 Be6 19. b3 f6 20. Be3 Nd4 21. Bxd4 cxd4 22. Ne1 Nc6 23. Nd3 Rbc8 24. f5 Bd7 25. g4 Rf8 26. Qd2 Nb8 27. Rfc1 Na6 28. Ra1 Nc5 29. Nxc5 Qxc5 30. h3 Rfe8 31. Rf1 Rcd8 32. Qd3 gxf5 33. gxf5 Bh6 34. Bf3 Be3 35. Ra2 Kh8 36. Rg2 Rg8 37. Bg4 Rg5 38. Re1 Rg7 39. Ree2 Rdg8 40. Bh5 Qc6 41. Bg4 h5 42. Bxh5 Bxf5 43. Bf3 Bxh3 44. Rxg7 Rxg7 45. Rxe3 dxe3 46. Qxe3 f5 47. Qd2 Qf6 0-1

[Event "Caplin Hastings Masters 2023-24"]
[Site "Hastings"]
[Date "2023.12.30"]
[Round "3.22"]
[White "Villiers, Thomas"]
[Black "Boggarapu, Kritan"]
[Result "1-0"]
[ECO "B23"]
[WhiteElo "2230"]
[BlackElo "1857"]
[Annotator "ChessBase"]
[PlyCount "43"]
[EventDate "2023.12.18"]
[EventType "swiss"]
[EventCountry "ENG"]
[SourceTitle "playchess.com"]
[Source "ChessBase"]
[SourceQuality "1"]
[TimeControl "40/6000+30:3000+30"]

1. e4 c5 2. Nc3 d6 3. f4 Nc6 4. Nf3 e6 5. Bc4 Nf6 6. d3 a6 7. a4 d5 8. Ba2 Be7 9. O-O O-O 10. Qe1 Re8 11. e5 Nd7 12. Qg3 f6 13. Bd2 Rb8 14. Rae1 Qc7 15. f5 Ndxe5 16. fxe6 Bxe6 17. Nxd5 Qd8 18. Bh6 g6 19. Nxe5 Nxe5 20. Rxe5 Bd6 21. Nxf6+ Kh8 22. Nxe8 1-0

[Event "Caplin Hastings Masters 2023-24"]
[Site "Hastings"]
[Date "2023.12.30"]
[Round "3.23"]
[White "Juknis, Paulius"]
[Black "Byrn, Carsten"]
[Result "1-0"]
[ECO "A16"]
[WhiteElo "2148"]
[BlackElo "1823"]
[Annotator "NA"]
[PlyCount "67"]
[EventDate "2023.12.18"]
[EventType "swiss"]
[EventCountry "ENG"]
[SourceTitle "playchess.com"]
[Source "ChessBase"]
[SourceQuality "1"]
[TimeControl "40/6000+30:3000+30"]

1. c4 Nf6 2. g3 d5 3. cxd5 Nxd5 4. Bg2 g6 5. Nc3 Nxc3 6. bxc3 Bg7 7. Rb1 O-O 8. Rxb7 Bxb7 9. Bxb7 Nd7 10. Bxa8 Qxa8 11. Nf3 Ne5 12. O-O Nxf3+ 13. exf3 Rd8 14. Qe2 e5 15. d3 Qd5 16. Rd1 c5 17. c4 Qc6 18. Be3 f5 19. Rb1 a6 20. Rb3 Qd6 21. Kg2 h6 22. Qe1 g5 23. Qa5 Rc8 24. Rb6 Qxd3 25. Qxa6 Rd8 26. Rb3 Qc2 27. Qe6+ Kh8 28. Rb7 g4 29. Rxg7 gxf3+ 30. Kh3 Kxg7 31. Qe7+ Kg6 32. Qxd8 Qxc4 33. Qb6+ Kf7 34. Qb3 1-0

[Event "Caplin Hastings Masters 2023-24"]
[Site "Hastings"]
[Date "2023.12.30"]
[Round "3.24"]
[White "Hobson, Kenneth"]
[Black "Gibbs, Dominic V"]
[Result "1-0"]
[ECO "C10"]
[WhiteElo "2130"]
[BlackElo "1795"]
[Annotator "NA"]
[PlyCount "59"]
[EventDate "2023.12.18"]
[EventType "swiss"]
[EventCountry "ENG"]
[SourceTitle "playchess.com"]
[Source "ChessBase"]
[SourceQuality "1"]
[TimeControl "40/6000+30:3000+30"]

1. e4 e6 2. d4 d5 3. Nc3 dxe4 4. Nxe4 Nd7 5. Nf3 Ngf6 6. Bd3 Nxe4 7. Bxe4 Nf6 8. Bg5 Be7 9. Bxf6 gxf6 10. Qe2 O-O 11. O-O-O c5 12. g4 Qc7 13. Kb1 cxd4 14. Nxd4 Bd7 15. Qd3 h6 16. h4 Bc6 17. Bxc6 bxc6 18. g5 Rfd8 19. g6 f5 20. gxf7+ Kxf7 21. Qe2 Rxd4 22. Qh5+ Kf8 23. Qxh6+ Kf7 24. Qh7+ Kf6 25. Rxd4 Rb8 26. b3 c5 27. Rg1 Bd6 28. Qh6+ Ke5 29. Re1+ Kxd4 30. Qd2# 1-0

[Event "Caplin Hastings Masters 2023-24"]
[Site "Hastings"]
[Date "2023.12.30"]
[Round "3.25"]
[White "Rami, Talab"]
[Black "Ismail, Mohammed Aayan"]
[Result "1-0"]
[ECO "B15"]
[WhiteElo "1947"]
[BlackElo "2115"]
[Annotator "RC"]
[PlyCount "123"]
[EventDate "2023.12.18"]
[EventType "swiss"]
[EventCountry "ENG"]
[SourceTitle "playchess.com"]
[Source "ChessBase"]
[SourceQuality "1"]
[TimeControl "40/6000+30:3000+30"]

1. e4 c6 2. Nf3 d5 3. Nc3 dxe4 4. Nxe4 Nf6 5. Nxf6+ exf6 6. d4 Bd6 7. Be2 O-O 8. O-O Be6 9. Be3 a5 10. c4 Na6 11. Re1 Nc7 12. Qc2 g6 13. Rad1 Re8 14. h3 a4 15. Bf1 Bf5 16. Qc3 b5 17. d5 b4 18. Qd2 c5 19. Bd3 Qd7 20. Nh4 Bxd3 21. Qxd3 f5 22. f4 Re4 23. Nf3 f6 24. Nd2 Re7 25. Qf1 Rae8 26. Qf2 Na8 27. Qf3 Nb6 28. Bf2 Kg7 29. Kf1 h6 30. Rxe7+ Rxe7 31. Re1 Rxe1+ 32. Kxe1 g5 33. Be3 Kg6 34. g3 h5 35. Qf2 Qe7 36. Kf1 Nd7 37. b3 axb3 38. axb3 Qe8 39. Nf3 Qe4 40. fxg5 fxg5 41. Bxg5 Ne5 42. Nxe5+ Bxe5 43. Qe3 Qb1+ 44. Kg2 Qb2+ 45. Kf3 Qa1 46. Kg2 Qa2+ 47. Kf3 Qa1 48. Kg2 Qc3 49. Bf4 Qc2+ 50. Qd2 Qe4+ 51. Kh2 Bd4 52. d6 Kf7 53. Qg2 Qe1 54. Bg5 Ke6 55. d7 Kxd7 56. Qd5+ Ke8 57. Qg8+ Kd7 58. Qd8+ Kc6 59. Qd5+ Kc7 60. Bf4+ Kc8 61. Qc6+ Kd8 62. Bg5+ 1-0

[Event "Caplin Hastings Masters 2023-24"]
[Site "Hastings"]
[Date "2023.12.30"]
[Round "3.26"]
[White "Bai, Xue"]
[Black "Howell, Oliver W"]
[Result "1-0"]
[ECO "C18"]
[WhiteElo "2099"]
[BlackElo "1782"]
[Annotator "NA"]
[PlyCount "49"]
[EventDate "2023.12.18"]
[EventType "swiss"]
[EventCountry "ENG"]
[SourceTitle "playchess.com"]
[Source "ChessBase"]
[SourceQuality "1"]
[TimeControl "40/6000+30:3000+30"]

1. e4 e6 2. d4 d5 3. Nc3 Bb4 4. e5 Ne7 5. a3 Bxc3+ 6. bxc3 c5 7. Qg4 Qc7 8. Qxg7 Rg8 9. Qxh7 cxd4 10. Ne2 Nbc6 11. f4 dxc3 12. Nxc3 Bd7 13. Nb5 Qb6 14. Nd6+ Kd8 15. c3 Na5 16. Rb1 Qc6 17. Nxf7+ Kc7 18. Nd6 Qa4 19. Rb4 Qc6 20. Qxe7 Qxc3+ 21. Bd2 Qa1+ 22. Kf2 Rad8 23. Nb5+ Kc8 24. Qc5+ Bc6 25. Nxa7+ 1-0

[Event "Caplin Hastings Masters 2023-24"]
[Site "Hastings"]
[Date "2023.12.30"]
[Round "3.27"]
[White "Ortiz Sanchez, Luis"]
[Black "Brown, Thomas"]
[Result "0-1"]
[ECO "B08"]
[WhiteElo "1863"]
[BlackElo "2095"]
[Annotator "NA"]
[PlyCount "90"]
[EventDate "2023.12.18"]
[EventType "swiss"]
[EventCountry "ENG"]
[SourceTitle "playchess.com"]
[Source "ChessBase"]
[SourceQuality "1"]
[TimeControl "40/6000+30:3000+30"]

1. e4 g6 2. d4 Bg7 3. Nc3 c6 4. Nf3 d6 5. h3 Nf6 6. a4 O-O 7. Be3 Nbd7 8. a5 Re8 9. Bc4 e6 10. d5 exd5 11. exd5 Bh6 12. O-O Bxe3 13. fxe3 c5 14. Qd3 Ne5 15. Nxe5 Rxe5 16. Rf3 Rf5 17. Rxf5 Bxf5 18. e4 Bd7 19. Qf3 Qe7 20. Re1 Qe5 21. Rf1 Kg7 22. Kh1 Rf8 23. b3 h5 24. Re1 Rh8 25. Nd1 Bg4 26. Qc3 Bxd1 27. Qxe5 dxe5 28. Rxd1 Nxe4 29. Re1 f5 30. d6 Kf6 31. Bd5 Nxd6 32. c4 e4 33. Kg1 Re8 34. b4 cxb4 35. Rb1 Rc8 36. Rxb4 Rc5 37. a6 bxa6 38. Bg8 a5 39. Rb3 Rc8 40. Bd5 Nxc4 41. Rb7 Rc5 42. Bg8 Ne5 43. Rxa7 e3 44. Kf1 Rc2 45. Ra6+ Kg7 0-1

[Event "Caplin Hastings Masters 2023-24"]
[Site "Hastings"]
[Date "2023.12.30"]
[Round "3.28"]
[White "Walker, Martin G"]
[Black "Lishoy Gengis Paratazham, Dildarav"]
[Result "0-1"]
[ECO "C41"]
[WhiteElo "2090"]
[BlackElo "1743"]
[Annotator "NA"]
[PlyCount "80"]
[EventDate "2023.12.18"]
[EventType "swiss"]
[EventCountry "ENG"]
[SourceTitle "playchess.com"]
[Source "ChessBase"]
[SourceQuality "1"]
[TimeControl "40/6000+30:3000+30"]

1. e4 d6 2. d4 Nf6 3. Nc3 e5 4. Nf3 Nbd7 5. Bc4 Be7 6. O-O O-O 7. a4 c6 8. dxe5 dxe5 9. Qe2 Qc7 10. h3 Nc5 11. b3 Ne6 12. Be3 Bb4 13. Na2 Bd6 14. Ng5 Nc5 15. Rfd1 b5 16. Bxc5 Bxc5 17. axb5 cxb5 18. Bxb5 h6 19. Nf3 Bb7 20. Nd2 Rad8 21. Bd3 g6 22. g3 Bc8 23. Kg2 Qe7 24. Rh1 Nh5 25. Nf3 Bb7 26. b4 Bb6 27. Rad1 f5 28. Bc4+ Kh7 29. Bd5 Bxd5 30. exd5 e4 31. Nd2 Rxd5 32. Rhe1 Rfd8 33. Nf1 f4 34. f3 Nxg3 35. Nxg3 Qg5 36. Rxd5 Qxg3+ 37. Kh1 Rxd5 38. fxe4 Qxh3+ 39. Qh2 Qf3+ 40. Qg2 Rh5# 0-1

[Event "Caplin Hastings Masters 2023-24"]
[Site "Hastings"]
[Date "2023.12.30"]
[Round "3.29"]
[White "Sivanandan, Bodhana"]
[Black "Gimenez Menchon, Cesar"]
[Result "1-0"]
[ECO "B07"]
[WhiteElo "1857"]
[BlackElo "2088"]
[Annotator "NA"]
[PlyCount "73"]
[EventDate "2023.12.18"]
[EventType "swiss"]
[EventCountry "ENG"]
[SourceTitle "playchess.com"]
[Source "ChessBase"]
[SourceQuality "1"]
[TimeControl "40/6000+30:3000+30"]

1. e4 d6 2. d4 Nf6 3. Nc3 e5 4. dxe5 dxe5 5. Qxd8+ Kxd8 6. Bg5 Be7 7. O-O-O+ Nbd7 8. Nf3 Ng4 9. Bxe7+ Kxe7 10. Nd5+ Kd8 11. Ng5 Nh6 12. g4 c6 13. Ne3 Ke7 14. Nf5+ Nxf5 15. gxf5 Nc5 16. b4 Na6 17. a3 f6 18. Nf3 g6 19. Bd3 b5 20. Rhg1 Kf7 21. c4 Nc7 22. cxb5 cxb5 23. Kb2 Bb7 24. Bxb5 Rhd8 25. Bd3 Ne8 26. fxg6+ hxg6 27. Nh4 Rd4 28. Bc2 Rxd1 29. Rxd1 Bc6 30. f3 g5 31. Nf5 Ng7 32. Bb3+ Kf8 33. Rd6 Nxf5 34. Rxf6+ Ke7 35. Rxf5 Kd6 36. Rf6+ Kc7 37. Rxc6+ 1-0

[Event "Caplin Hastings Masters 2023-24"]
[Site "Hastings"]
[Date "2023.12.30"]
[Round "3.30"]
[White "Weersing, Abigail Riis"]
[Black "Han, Qixuan"]
[Result "1-0"]
[ECO "D10"]
[WhiteElo "2056"]
[BlackElo "1603"]
[Annotator "NA"]
[PlyCount "89"]
[EventDate "2023.12.18"]
[EventType "swiss"]
[EventCountry "ENG"]
[SourceTitle "playchess.com"]
[Source "ChessBase"]
[SourceQuality "1"]
[TimeControl "40/6000+30:3000+30"]

1. d4 d5 2. c4 c6 3. Nc3 Nf6 4. e3 Bf5 5. cxd5 cxd5 6. Qb3 Nc6 7. Qxb7 Bd7 8. Qb3 Rb8 9. Qd1 e5 10. dxe5 Nxe5 11. Be2 Bd6 12. Nf3 Nxf3+ 13. Bxf3 Qc7 14. h3 O-O 15. O-O Rfd8 16. Qd3 Bh2+ 17. Kh1 Be5 18. Rd1 Ne4 19. Nxe4 dxe4 20. Qxe4 Bc6 21. Qg4 Rxd1+ 22. Bxd1 Qa5 23. f4 Qe1+ 24. Kh2 Bf6 25. Qe2 Qa5 26. Bd2 Qd5 27. Bc3 Bxc3 28. bxc3 h5 29. Bb3 Qe4 30. Bc2 Qd5 31. e4 Qa5 32. Qc4 Qc7 33. e5 Rb2 34. Rc1 Qb7 35. Qd3 g6 36. Qd8+ Kh7 37. Qg5 Rxa2 38. f5 Be4 39. fxg6+ fxg6 40. Bxe4 Qxe4 41. Rf1 Qd5 42. Qe7+ Kh6 43. Qf8+ Kg5 44. h4+ Kxh4 45. Qf4# 1-0

[Event "Caplin Hastings Masters 2023-24"]
[Site "Hastings"]
[Date "2023.12.30"]
[Round "3.31"]
[White "Vasiliadis, Theodoros"]
[Black "Evenshaug, Amadeus Hestvik"]
[Result "1/2-1/2"]
[ECO "B41"]
[WhiteElo "1845"]
[BlackElo "2041"]
[Annotator "NA RC"]
[PlyCount "89"]
[EventDate "2023.12.18"]
[EventType "swiss"]
[EventCountry "ENG"]
[SourceTitle "playchess.com"]
[Source "ChessBase"]
[SourceQuality "1"]
[TimeControl "40/6000+30:3000+30"]

1. e4 c5 2. Nf3 e6 3. d4 cxd4 4. Nxd4 a6 5. c4 Qc7 6. Nc3 Nf6 7. a3 Be7 8. Be3 d6 9. Be2 b6 10. Rc1 Bb7 11. f3 Nbd7 12. b4 Rc8 13. Qd2 O-O 14. O-O Qb8 15. Rfd1 Rfe8 16. Kh1 Bd8 17. Bg1 Bc7 18. Qa2 h5 19. b5 a5 20. Nc6 Qa8 21. Qd2 Nc5 22. Qg5 Bxc6 23. bxc6 Qxc6 24. Nb5 e5 25. Na7 Qa4 26. Nxc8 Ne6 27. Qd2 Rxc8 28. Qc2 Qc6 29. Qb3 Nf4 30. Bf1 h4 31. Qb5 Qa8 32. Bxb6 h3 33. Bxc7 Rxc7 34. Rxd6 Nxe4 35. Qxe5 hxg2+ 36. Bxg2 Nxd6 37. Qxf4 Qc6 38. Qd4 Nf5 39. Qf4 Qc5 40. Re1 g6 41. Bh3 Qxc4 42. Qxc4 Rxc4 43. Bxf5 gxf5 44. Re5 Ra4 45. Rxf5 1/2-1/2

[Event "Caplin Hastings Masters 2023-24"]
[Site "Hastings"]
[Date "2023.12.30"]
[Round "3.32"]
[White "Lahlum, Hans Olav"]
[Black "Verbytski, Oleg"]
[Result "1/2-1/2"]
[ECO "D36"]
[WhiteElo "2037"]
[BlackElo "1771"]
[Annotator "NA"]
[PlyCount "58"]
[EventDate "2023.12.18"]
[EventType "swiss"]
[EventCountry "ENG"]
[SourceTitle "playchess.com"]
[Source "ChessBase"]
[SourceQuality "1"]
[TimeControl "40/6000+30:3000+30"]

1. d4 d5 2. c4 e6 3. Nc3 Nf6 4. cxd5 exd5 5. Bg5 Nbd7 6. Nf3 Be7 7. e3 O-O 8. Bd3 Re8 9. Qc2 c6 10. O-O h6 11. Bh4 Ne4 12. Bxe7 Qxe7 13. b4 Ndf6 14. b5 Bd7 15. bxc6 Bxc6 16. Rac1 Rac8 17. Qb2 Rc7 18. Ne5 Rec8 19. Rc2 Nd7 20. Nxd7 Qxd7 21. Rfc1 Nxc3 22. Qxc3 g6 23. h3 Qd8 24. Be2 Ba4 25. Qxc7 Rxc7 26. Rxc7 Bc6 27. R1xc6 bxc6 28. Rxc6 Qa5 29. Ra6 Qe1+ 1/2-1/2

[Event "Caplin Hastings Masters 2023-24"]
[Site "Hastings"]
[Date "2023.12.30"]
[Round "3.33"]
[White "Han, Qixiang"]
[Black "Binks, Michael"]
[Result "1-0"]
[ECO "E11"]
[WhiteElo "1711"]
[BlackElo "2035"]
[Annotator "NA RC"]
[PlyCount "121"]
[EventDate "2023.12.18"]
[EventType "swiss"]
[EventCountry "ENG"]
[SourceTitle "playchess.com"]
[Source "ChessBase"]
[SourceQuality "1"]
[TimeControl "40/6000+30:3000+30"]

1. d4 Nf6 2. c4 e6 3. g3 Bb4+ 4. Bd2 Bxd2+ 5. Qxd2 Ne4 6. Qc2 f5 7. Bg2 d5 8. Nf3 O-O 9. O-O c6 10. Nc3 Nd7 11. Nd2 Ndf6 12. f3 Nxd2 13. Qxd2 dxc4 14. e4 Rb8 15. Rad1 b5 16. Qf4 Qb6 17. Kh1 Bd7 18. Qe5 Rfe8 19. Rd2 Rbd8 20. Rfd1 a6 21. h3 Bc8 22. Kh2 Nd7 23. Qf4 Nf8 24. h4 h6 25. h5 Nh7 26. Qh4 Nf6 27. Kh1 Qc7 28. Ne2 Qa5 29. a3 Bb7 30. Nc3 Rd7 31. g4 fxg4 32. fxg4 Qd8 33. Qg3 Nh7 34. Qf2 Rf8 35. Qg3 Qg5 36. e5 Rf4 37. Ne4 Qxg4 38. Qxg4 Rxg4 39. Nc5 Rf7 40. Nxe6 Rf5 41. Nc5 Rxh5+ 42. Kg1 Bc8 43. Rf2 Bf5 44. Kf1 Bd3+ 45. Nxd3 Rxd4 46. Bf3 Rf5 47. Ne1 Rdf4 48. e6 Nf6 49. Rd8+ Kh7 50. e7 Re5 51. Ng2 Rff5 52. e8=Q Nxe8 53. Be4 Rxe4 54. Rxf5 Nf6 55. Rc5 Re6 56. Rc8 Ne4 57. R5xc6 Nd2+ 58. Kg1 Re2 59. Rf8 Nb3 60. Nf4 Rxb2 61. Ng6 1-0

[Event "Caplin Hastings Masters 2023-24"]
[Site "Hastings"]
[Date "2023.12.30"]
[Round "3.34"]
[White "Patel, Zain"]
[Black "Thompson, Ian D"]
[Result "1/2-1/2"]
[ECO "D70"]
[WhiteElo "1841"]
[BlackElo "2011"]
[Annotator "NA RC"]
[PlyCount "103"]
[EventDate "2023.12.18"]
[EventType "swiss"]
[EventCountry "ENG"]
[SourceTitle "playchess.com"]
[Source "ChessBase"]
[SourceQuality "1"]
[TimeControl "40/6000+30:3000+30"]

1. d4 d5 2. Nf3 Nf6 3. e3 g6 4. c4 Bg7 5. cxd5 Nxd5 6. e4 Nb6 7. h3 O-O 8. Be2 c5 9. dxc5 Qxd1+ 10. Bxd1 N6d7 11. Nc3 Nxc5 12. Bc2 Nc6 13. a3 Be6 14. Be3 b6 15. O-O Bc4 16. Rfd1 Rfd8 17. Rac1 Nb3 18. Rxd8+ Rxd8 19. Bxb3 Bxb3 20. Nd5 Bxd5 21. exd5 Ne5 22. Rc7 Nxf3+ 23. gxf3 Bxb2 24. Rxa7 b5 25. Rb7 Bxa3 26. Rxb5 f6 27. Kf1 Rc8 28. Ra5 Bd6 29. Ra4 Rb8 30. Ra5 Kf7 31. Kg2 Bb4 32. Ra1 Bd6 33. Ra5 g5 34. Ra4 Rb5 35. Rd4 Kg6 36. h4 Be5 37. Rd1 gxh4 38. Kh3 Rb4 39. Rg1+ Kf7 40. Rg4 Rb1 41. f4 Bd6 42. Rxh4 Rh1+ 43. Kg3 Rxh4 44. Kxh4 Kg6 45. Kg4 h5+ 46. Kh4 Kf5 47. Kxh5 Bxf4 48. Bxf4 Kxf4 49. Kg6 Ke5 50. Kf7 Kd6 51. f4 Kd7 52. Kg7 1/2-1/2

[Event "Caplin Hastings Masters 2023-24"]
[Site "Hastings"]
[Date "2023.12.30"]
[Round "3.35"]
[White "Ahn, Sungmin"]
[Black "Steiners, Emils"]
[Result "1-0"]
[ECO "C18"]
[WhiteElo "1836"]
[BlackElo "1993"]
[Annotator "NA"]
[PlyCount "79"]
[EventDate "2023.12.18"]
[EventType "swiss"]
[EventCountry "ENG"]
[SourceTitle "playchess.com"]
[Source "ChessBase"]
[SourceQuality "1"]
[TimeControl "40/6000+30:3000+30"]

1. e4 e6 2. d4 d5 3. Nc3 Bb4 4. e5 c5 5. a3 Bxc3+ 6. bxc3 Ne7 7. Qg4 Qc7 8. Bd3 cxd4 9. Ne2 dxc3 10. Qxg7 Rg8 11. Qxh7 Qxe5 12. Bf4 Qf6 13. h4 Nd7 14. Bg5 Qh8 15. Qxh8 Rxh8 16. Nxc3 a6 17. O-O-O b5 18. h5 Bb7 19. h6 f6 20. Bd2 Nc5 21. Be2 e5 22. Bh5+ Kf8 23. f3 d4 24. Ne4 Nxe4 25. fxe4 Bxe4 26. Rhf1 f5 27. Rde1 Kg8 28. Bg5 Rh7 29. g4 Rc8 30. Rf2 Nd5 31. gxf5 Nc3 32. Bg6 Rhc7 33. Bf6 d3 34. h7+ Rxh7 35. Bxh7+ Kf7 36. Bxe5 Na2+ 37. Kb2 dxc2 38. Bg6+ Kg8 39. Rh2 c1=Q+ 40. Rxc1 1-0

[Event "Caplin Hastings Masters 2023-24"]
[Site "Hastings"]
[Date "2023.12.30"]
[Round "3.36"]
[White "Banerjee, Supratit"]
[Black "Flynn, David"]
[Result "1-0"]
[ECO "B22"]
[WhiteElo "1974"]
[BlackElo "1791"]
[Annotator "NA"]
[PlyCount "57"]
[EventDate "2023.12.18"]
[EventType "swiss"]
[EventCountry "ENG"]
[SourceTitle "playchess.com"]
[Source "ChessBase"]
[SourceQuality "1"]
[TimeControl "40/6000+30:3000+30"]

1. e4 c5 2. c3 Nf6 3. e5 Nd5 4. d4 cxd4 5. cxd4 d6 6. Nf3 Nc6 7. Bc4 Nb6 8. Bb5 dxe5 9. Nxe5 Bd7 10. Nxd7 Qxd7 11. Nc3 e6 12. O-O Rd8 13. Be3 Be7 14. Qg4 O-O 15. Rad1 Rfe8 16. Rfe1 Nd5 17. Bh6 g6 18. Be3 Rc8 19. Ba4 Red8 20. Nxd5 Qxd5 21. Bb3 Qb5 22. Bxe6 fxe6 23. Qxe6+ Kg7 24. d5 Bb4 25. dxc6 Bxe1 26. Qe7+ Kg8 27. Rxd8+ Rxd8 28. Qxd8+ Kf7 29. c7 1-0